 Dungeon Crawl Stone Soup version 0.20.1-1-g8b1a95d (webtiles) character file.

366 Gremour the Ruffian (level 6, -1/49 (52) HPs)
             Began as a Ghoul Monk on Oct 4, 2017.
             Slain by an ogre
             ... wielding a +0 giant club
              (10 damage)
             ... on level 4 of the Dungeon.
             The game lasted 00:18:42 (2665 turns).

Gremour the Ruffian (Ghoul Monk)                    Turns: 2665, Time: 00:18:42

HP:   -1/49 (52)    AC:  4    Str: 15    XL:     6   Next: 68%
MP:   5/5           EV: 13    Int:  7    God:
Gold: 188           SH:  0    Dex: 11    Spells: 5/5 levels left

rFire    + . .     SeeInvis .     - Unarmed
rCold    + + .     Gourm    .   (no shield)
rNeg     + + +     Faith    .   a - +0 robe
rPois    ∞         Spirit   .   (no helmet)
rElec    +         Reflect  .   n - +0 cloak
rCorr    +         Harm     .   (no gloves)
MR       .....                  j - +0 pair of boots
Stlth    +.........             (no amulet)
Regen    0.0/turn               (no ring)
MPRegen  0.1/turn               (no ring)

@: confused, resistant, rotting, hasted, very quick
A: rotting body, claws 1, carnivore 3, cold resistance 1, negative energy
resistance 3, inhibited regeneration, torment resistance, unbreathing
a: no special abilities


You were on level 4 of the Dungeon.
You were not hungry.

You visited 1 branch of the dungeon, and saw 4 of its levels.

You collected 188 gold pieces.

Inventory:

Armour
 a - a +0 robe (worn)
 d - a +0 shield
 j - a +0 pair of boots (worn)
 n - a +0 cloak (worn)
Scrolls
 c - a scroll of recharging
 e - a scroll of remove curse
 l - a scroll of identify
 m - a scroll of enchant weapon {unknown}
 o - 3 scrolls of amnesia {unknown}
Comestibles
 b - a meat ration
 f - 2 royal jellies


   Skills:
 * Level 4.1 Fighting
 + Level 4.1 Dodging
 + Level 4.6 Stealth
 + Level 5.3 Unarmed Combat


You had 5 spell levels left.
You didn't know any spells.

Dungeon Overview and Level Annotations

Branches:
Dungeon (4/15)
 Temple: D:4-7

Altars:
Elyvilon
Kikubaaqudgha
Xom


Innate Abilities, Weirdness & Mutations

Your body is rotting away.
You thrive on raw meat.
You are immune to poison.
You have sharp fingernails.
You are carnivorous and can eat meat at any time.
Your flesh is cold resistant. (rC+)
You are immune to negative energy. (rN+++)
You do not regenerate when monsters are visible.
You are immune to unholy pain and torment.
You can survive without breathing.


Message History

The ogre shouts!
You scratch the ogre.
The ogre is lightly wounded.
You scratch the ogre.
The ogre is moderately wounded.
You scratch the ogre.
The ogre is heavily wounded.
You barely miss the ogre.
The ogre is heavily wounded.
You barely miss the ogre.
The ogre is heavily wounded.
You scratch the ogre.
The ogre is heavily wounded.
It was a potion of resistance.
You feel protected.
It was a potion of ambrosia.
You are confused.
You feel invigorated.
You bump into the rock wall.
The ogre hits you with a giant club!
You die...

*,,,,,,,,,,,,,,,*
*,,,,,,,,,,,,,,,*
***,**,,,,,,,,,**
*+**,,,,,,,,**
*_******,,,** #+#
***** *####
♣♣.♣♣###### ###...#
#...).....#####.....#
#.............O@....#*
#..........######....#
##..(.......# **..##
#...........#* **##
.............#
.............#
.........(...#*
.#............#
.#..........###


You could see an ogre.

Vanquished Creatures
  The ghost of rkd the Grave Robber, an amateur DsNe of Ru (D:4)
  Purgy (D:3)
  Natasha (twice) (D:2)
  4 adders
  An ooze (D:2)
  2 worms
  A dart slug (D:3)
  2 leopard geckos
  2 bats
  6 giant cockroaches
  6 goblins
  9 hobgoblins
  2 jackals (D:4)
  8 kobolds
  A quokka (D:2)
  4 frilled lizards
  2 rats (D:2)
54 creatures vanquished.

Notes
Turn   | Place    | Note
-------+----------+-------------------------------------------
     0 | D:1      | Gremour the Ghoul Monk began the quest for the Orb.
     0 | D:1      | Reached XP level 1. HP: 19/19 MP: 0/0
   195 | D:1      | Reached XP level 2. HP: 23/26 MP: 1/1
   639 | D:2      | Reached XP level 3. HP: 14/31 MP: 2/2
   732 | D:2      | Noticed Natasha
   742 | D:2      | Killed Natasha
   742 | D:2      | Reached skill level 4 in Unarmed Combat
   803 | D:2      | Reached XP level 4. HP: 40/40 MP: 3/3
  1105 | D:2      | Noticed Natasha
  1122 | D:2      | Killed Natasha
  1188 | D:2      | Reached XP level 5. HP: 38/46 MP: 4/4
  1459 | D:3      | Found a shimmering altar of Xom.
  1460 | D:3      | Found an ancient bone altar of Kikubaaqudgha.
  1688 | D:3      | Noticed Purgy
  1701 | D:3      | Killed Purgy
  1701 | D:3      | Reached skill level 5 in Unarmed Combat
  1701 | D:3      | Reached XP level 6. HP: 44/50 MP: 5/5
  2313 | D:4      | Found a white marble altar of Elyvilon.
  2357 | D:4      | Noticed rkd's ghost (amateur DsNe)
  2371 | D:4      | Killed rkd's ghost
  2665 | D:4      | Slain by an ogre

Skill      XL: |  1  2  3  4  5  6 |
---------------+-------------------+-----
Dodging        | 3 4 |  4.1
Unarmed Combat | 4 5 |  5.3
Stealth        | 3 4 |  4.6
Fighting       | 4 |  4.1

Action                   |  1- 3 |  4- 6 || total
-------------------------+-------+-------++-------
Melee: Unarmed           |    58 |   152 ||   210
       Punch             |       |     2 ||     2
  Use: Potion            |     1 |     8 ||     9
       Scroll            |       |     4 ||     4
 Stab: Sleeping          |     2 |     7 ||     9
  Eat: Chunk             |    11 |    11 ||    22
Armor: Robe              |     6 |    20 ||    26
Dodge: Dodged            |    27 |    82 ||   109
